Map: Tokamak LE

Players

zack

  • Race: Protoss Protoss
  • League: Diamond
  • Spawn Location: 1:00

SubN - Winner!

  • Race: Zerg Zerg
  • League: Master
  • Spawn Location: 7:00

VOD

Have the link to the VOD?

Description

Time

  • Played on: July 13, 2025, 3:48 p.m.
  • Length: 3:53
Show
View Real Time Build Order
Export as new Build Order

zack Protoss 

Build Orders: 1 Gate Expand 

Get SALT Encoding   

  12  0:00  Probe  
  13  0:12  Probe  
  14  0:20  Pylon  
  14  0:23  Probe  
  15  0:31  Assimilator  
  15  0:34  Probe  
  16  0:43  Probe  
  17  0:52  Gateway  
  17  0:55  Probe  
  18  1:00  Pylon  
  18  1:10  Probe  
  19  1:22  Probe  
  20  1:31  Nexus  
  20  1:43  Cybernetics Core  
  20  1:45  Probe  
  21  1:51  Assimilator  
  21  1:56  Pylon  
  21  1:57  Probe  
  22  2:09  Probe  
  22  2:10  Adept  
  23  2:21  Probe  
  26  2:24  Gateway  
  26  2:31  Shield Battery  
  26  2:33  Probe  
  27  2:39  Adept  
  24  3:13  Stalker  
Show
View Real Time Build Order
Export as new Build Order

SubN Zerg - Winner!

Build Orders: Pool First 

Get SALT Encoding   

  12  0:00  Drone  
  13  0:08  Drone  
  14  0:25  Spawning Pool  
  13  0:28  Extractor  
  12  1:13  Queen  
  12  1:14  Overlord  
  14  1:26  Hatchery  
  13  1:36  Overlord  
  13  1:46  Zergling x4  
  15  1:52  Metabolic Boost  
  15  1:58  Zergling x2  
  16  2:07  Zergling x2  
  17  2:12  Zergling x2  
  18  2:22  Zergling x2  
  19  2:28  Zergling x6  
  21  2:49  Zergling x6  
  23  3:08  Zergling x2  
  23  3:09  Zergling x8  
  25  3:27  Zergling x6  
Tags
 
Add a new tag
Caveats
  • Supply blocks, unpowered buildings, or Contaminate may cause inaccurate times.
  • Supply counts are checked every 10 seconds.